 Dungeon Crawl Stone Soup version 0.17.1-3-g152610e (webtiles) character file.

728 kaze the Covered (level 7, 0/55 HPs)
             Began as a Demonspawn Fighter on Apr 11, 2016.
             Slain by a river rat (2 damage)
             ... on level 4 of the Dungeon.
             The game lasted 00:06:54 (2947 turns).

kaze the Covered (Demonspawn Fighter)               Turns: 2947, Time: 00:06:55

Health: 0/55       AC: 11    Str: 18    XL:     7   Next: 44%
Magic:  7/7        EV:  6    Int:  9    God:
Gold:   211        SH: 13    Dex: 13    Spells: 0 memorised, 6 levels left

rFire  . . .     SeeInvis .     a - +2 war axe
rCold  . . .     Clarity  .     b - +0 scale mail
rNeg   . . .     SustAt   .     y - +0 large shield
rPois  .         Gourm    .     (helmet restricted)
rElec  .         Spirit   .     (no cloak)
rCorr  .         Warding  .     m - +0 pair of gloves
rMut   .         Stasis   .     o - +0 pair of boots
MR     .....                    (no amulet)
Stlth  ..........               (no ring)
                                (no ring)

@: not resistant to hostile enchantments, extremely unstealthy
A: antennae 1, thin metallic scales 1, rot immunity
a: no special abilities


You were on level 4 of the Dungeon.
You were not hungry.

You visited 1 branch of the dungeon, and saw 4 of its levels.

You collected 211 gold pieces.

Inventory:

Hand Weapons
 a - a +2 war axe (weapon)
Missiles
 x - 5 tomahawks (quivered)
Armour
 b - a +0 scale mail (worn)
 c - a +0 shield
 m - a +0 pair of gloves (worn)
 o - a +0 pair of boots (worn)
 y - a +0 large shield (worn)
Wands
 p - a wand of slowing (12)
 s - a wand of confusion (24)
Scrolls
 f - 2 scrolls of identify
 g - 2 scrolls of remove curse
 j - a scroll of fog
 k - a scroll of blinking
 u - a scroll of fear {unknown}
 v - 2 scrolls of random uselessness {unknown}
 w - 2 scrolls of noise {unknown}
Potions
 d - a potion of poison {unknown}
 i - a potion of resistance {unknown}
 l - a potion of haste {unknown}
 q - a potion of magic {unknown}
 r - a potion of agility {unknown}
 t - 3 potions of curing {unknown}
Comestibles
 e - a bread ration
 h - a meat ration
 n - 2 slices of pizza


   Skills:
 + Level 4.5 Fighting
 + Level 3.9 Axes
 + Level 1.2 Throwing
 + Level 4.7 Armour
 + Level 2.3 Dodging
 + Level 0.4 Stealth
 + Level 3.8 Shields


You had 6 spell levels left.
You didn't know any spells.

Dungeon Overview and Level Annotations

Branches:
Dungeon (4/15)
 Temple: D:4-7

Altars:
Ashenzari
Dithmenos
Elyvilon
Gozag
Okawaru
Trog
Vehumet
Xom
Yredelemnul

Shops:
D:4 !


Innate Abilities, Weirdness & Mutations

You have a pair of small antennae on your head.
You are partially covered in thin metallic scales (AC +2).
You are immune to rotting.


Message History

Your shield and scale mail prevent you from hitting the river rat.
The river rat is lightly wounded.
The river rat bites you.
* * * LOW HITPOINT WARNING * * *
You block the river rat's attack.
The river rat bites you but does no damage.
You closely miss the river rat.
The river rat is lightly wounded.
You closely miss the river rat.
The river rat is moderately wounded.
You block the river rat's attack. The river rat bites you.
* * * LOW HITPOINT WARNING * * *
The river rat bites you but does no damage.
You closely miss the river rat.
The river rat is lightly wounded.
You hit the river rat.
The river rat is heavily wounded.
You block the river rat's attack. The river rat barely misses you.
The river rat bites you.
You die...

##.##≈#
#.##≈#
#.##≈#
#.##≈##
#.#≈≈≈#
#.#≈≈≈#
#.##≈##
#.†#r#
##.r@#
#####


You could see 2 river rats.

Vanquished Creatures
  The ghost of kaze the Shield-Bearer, an amateur GrFi of Gozag (D:4)
  Sigmund (D:4)
  Duvessa (D:4)
  A scorpion (D:4)
  Dowan (D:4)
  3 worker ants (D:4)
  Robin (D:2)
  3 adders
  A shadow imp (D:4)
  An ooze (D:2)
  An adder skeleton (D:4)
  2 worms (D:2)
  5 giant geckos
  3 orcs (D:3)
  2 ball pythons (D:3)
  2 giant cockroaches (D:4)
  12 goblins
  11 hobgoblins
  A quokka (D:2)
  7 bats
  A giant gecko skeleton (D:4)
  3 giant newts (D:2)
  4 jackals (D:4)
  8 kobolds
  6 rats
82 creatures vanquished.

Vanquished Creatures (others)
  A plant (D:1)
1 creature vanquished.

Grand Total: 83 creatures vanquished

Notes
Turn   | Place    | Note
--------------------------------------------------------------
     0 | D:1      | kaze the Demonspawn Fighter began the quest for the Orb.
     0 | D:1      | Reached XP level 1. HP: 18/18 MP: 1/1
   216 | D:1      | Gained mutation: You have a pair of small antennae on your head. [demonic ancestry]
   216 | D:1      | Reached XP level 2. HP: 21/24 MP: 2/2
  1125 | D:2      | Found a radiant altar of Vehumet.
  1125 | D:2      | Noticed Robin
  1129 | D:2      | Gained mutation: You are partially covered in thin metallic scales (AC +2). [demonic ancestry]
  1129 | D:2      | Reached XP level 3. HP: 27/29 MP: 3/3
  1136 | D:2      | Killed Robin
  1253 | D:2      | Reached skill level 1 in Dodging
  1297 | D:2      | Reached XP level 4. HP: 18/36 MP: 4/4
  1627 | D:2      | Found an iron altar of Okawaru.
  1628 | D:2      | Found an opulent altar of Gozag.
  2056 | D:4      | Found a shattered altar of Ashenzari.
  2084 | D:4      | Found a bloodstained altar of Trog.
  2085 | D:4      | Found a shimmering altar of Xom.
  2149 | D:4      | Noticed kaze's ghost (amateur GrFi)
  2161 | D:4      | Killed kaze's ghost
  2161 | D:4      | Reached skill level 4 in Fighting
  2161 | D:4      | Gained mutation: You are immune to rotting. [demonic ancestry]
  2161 | D:4      | Reached XP level 5. HP: 18/42 MP: 5/5
  2161 | D:4      | Reached XP level 6. HP: 20/48 MP: 6/6
  2204 | D:4      | Found a shadowy altar of Dithmenos.
  2253 | D:4      | Found a basalt altar of Yredelemnul.
  2278 | D:4      | Noticed Dowan
  2281 | D:4      | Noticed Duvessa
  2286 | D:4      | Killed Dowan
  2308 | D:4      | Killed Duvessa
  2308 | D:4      | Reached skill level 1 in Throwing
  2598 | D:4      | Found a white marble altar of Elyvilon.
  2642 | D:4      | Found a sand-covered staircase.
  2695 | D:4      | Noticed Sigmund
  2715 | D:4      | Killed Sigmund
  2715 | D:4      | Reached XP level 7. HP: 5/55 MP: 7/7
  2849 | D:4      | Found Garulaev's Distillery.
  2946 | D:4      | HP: 2/55 [river rat (5)]
  2947 | D:4      | Slain by a river rat

Action                   |  1- 3 |  4- 6 |  7- 9 || total
-------------------------+-------+-------+-------++-------
Melee: War axe           |   149 |   135 |    23 ||   307
Throw: Tomahawk          |       |     3 |       ||     3
  Use: Scroll            |       |     7 |     1 ||     8
       Potion            |       |     2 |       ||     2
  Eat: Chunk             |     2 |     1 |       ||     3
       Bread ration      |       |     1 |       ||     1
